 Dungeon Crawl Stone Soup version 0.28-b1-70-g80dc712255 (webtiles) character file.

Game seed: 8519289882440333672

696 pkoi the Conjurer (level 7, -11/50 HPs)
             Began as a White Draconian Conjurer on Feb 3, 2022.
             Was an Initiate of Ru.
             Mangled by a wyvern (14 damage)
             ... on level 4 of the Dungeon.
             The game lasted 00:07:12 (6415 turns).

pkoi the Conjurer (White Draconian Conjurer)        Turns: 6415, Time: 00:07:13

Health: -11/50     AC:  8    Str: 10      XL:     7   Next: 37%
Magic:  10/13      EV: 12    Int: 18 (20) God:    Ru [......]
Gold:   96         SH:  0    Dex:  9      Spells: 7/14 levels left

rFire   . . .      SeeInvis .   a - staff of death
rCold   + . .      Faith    .   (no shield)
rNeg    + . .      Spirit   .   (armour unavailable)
rPois   .          Reflect  .   (helmet restricted)
rElec   .          Harm     .   (no cloak)
rCorr   .          Rampage  .   l - +0 pair of gloves
Will    .....                   f - +0 pair of boots
Stlth   ++........              (no amulet)
HPRegen 0.16/turn               (no ring)
MPRegen 0.13/turn               (no ring)

@: short of breath, hasted, very quick
A: breathe frost, AC +6, unfitting armour, cold resistance 1, cold-blooded
a: Breathe Frost, Renounce Religion


You were on level 4 of the Dungeon.
You worshipped Ru.
Ru was noncommittal.
You visited 1 branch of the dungeon, and saw 4 of its levels.

You collected 96 gold pieces.

Inventory:

Hand Weapons
 m - a +0 dagger
Missiles
 b - 5 poisoned darts
Armour
 f - a +0 pair of boots (worn)
 l - a +0 pair of gloves (worn)
Magical Staves
 a - a staff of death (weapon)
Scrolls
 d - 2 scrolls of identify
 j - 2 scrolls of enchant weapon


   Skills:
 - Level 1.7 Dodging
 - Level 1.7 Stealth
 + Level 4.3 Spellcasting
 * Level 7.4 Conjurations
 + Level 2.7 Translocations


You had 7 spell levels left.
You knew the following spells:

 Your Spells              Type           Power      Damage    Failure   Level
a - Magic Dart            Conj           100%       1d8       1%          1
b - Searing Ray           Conj           60%        2d6       1%          2
c - Iskenderun's Mystic   Conj/Tloc      22%        2d6       19%         4

Your spell library contained the following spells:

 Spells                   Type           Power      Damage    Failure   Level
 Dazzling Flash           Conj/Hex       34%        N/A       10%         3
 Fulminant Prism          Conj/Hex       8%         3d7       30%         4
 Agony                    Necr           5%         N/A       98%         5
 Silence                  Hex/Air        1%         N/A       98%         5


Dungeon Overview and Level Annotations

Branches:
Dungeon (4/15)
 Temple: D:4-7

Altars:
Ru

Shops:
D:4 [

Annotations:
D:3 1 runed translucent door, Crazy Yiuf


Innate Abilities, Weirdness & Mutations

You can breathe waves of freezing cold which knock back foes.
Your icy white scales are hard. (AC +6)
You cannot fit into any form of body armour.
Your flesh is cold resistant. (rC+)
You are cold-blooded and may be slowed by cold attacks.


Message History

Aiming: Searing Ray (safe; 1% risk of failure)
Press: ? - help, Shift-Dir - straight line, f - wyvern
Aim: a wyvern (79% to hit)
The searing ray hits the wyvern.
The wyvern is moderately wounded. (Press . to maintain the ray.)
The wyvern bites you.
* * * LOW HITPOINT WARNING * * *
The searing ray misses the wyvern.
The wyvern closely misses you.
The wyvern bites you but does no damage.
Unknown command.
The searing ray hits the wyvern.
The wyvern is moderately wounded.
The wyvern bites you.
* * * LOW HITPOINT WARNING * * *
The searing ray hits the wyvern but does no damage.
The wyvern is moderately wounded.
You finish channelling your searing ray.
The wyvern bites you!
* * * LOW HITPOINT WARNING * * *
The wyvern closely misses you.
Unknown command.
Aiming: Breathe Frost (5% risk of failure)
Press: ? - help, Shift-Dir - straight line, f/p - wyvern
Aim: a wyvern (moderately wounded, 68% to hit)
You exhale a wave of freezing cold.
The freezing breath hits the wyvern.
The wyvern is heavily wounded.
The wyvern barely misses you. The wyvern bites you!
* * * LOW HITPOINT WARNING * * *
The wyvern barely misses you.
The wyvern bites you but does no damage.
Okay, then.
Okay, then.
Unknown command.
The wyvern bites you but does no damage.
The wyvern bites you but does no damage.
The wyvern bites you!
* * * LOW HITPOINT WARNING * * *
You feel yourself speed up. The wyvern barely misses you. The wyvern bites you!
You die...

#.............######.
#......#'####.#
#.....<#.# #.#######
#...#....# #.#......
#...#########.#.#####
#.............#.#
#....#######.##.#
#...l# #8.8.8..#
##..@####.⌠.⌠.### ###
#.......8.∩.8# #..
#....####.⌠.⌠.# #.#
#........8.8.8# #..
#..######.#..## #..
#.. #.#..# #.. #..
#.#..# ##. #.. . #..#
## . ...# #


You could see a wyvern.

Vanquished Creatures
  Grinder (D:3)
  Sigmund (D:3)
  A necrophage (D:4)
  A jelly (D:3)
  2 orc priests
  2 orc wizards (D:4)
  4 adders
  A worm (D:3)
  6 orcs
  A bat (D:2)
  8 endoplasms
  8 giant cockroaches
  5 goblins
  4 hobgoblins
  7 jackals
  2 quokkas (D:2)
  11 ball pythons
  A frilled lizard (D:3)
  4 kobolds
  8 rats
78 creatures vanquished.

Notes
Turn   | Place    | Note
-------+----------+-------------------------------------------
     0 | D:1      | pkoi the Draconian Conjurer began the quest for the Orb.
     0 | D:1      | Reached XP level 1. HP: 14/14 MP: 3/3
   758 | D:1      | Reached XP level 2. HP: 16/20 MP: 0/5
  2325 | D:2      | Reached XP level 3. HP: 26/26 MP: 1/6
  2399 | D:2      | Learned a level 2 spell: Searing Ray
  2898 | D:3      | Found a runed translucent door.
  2899 | D:3      | Noticed Crazy Yiuf
  4037 | D:4      | Reached skill level 5 in Conjurations
  4205 | D:3      | Reached XP level 4. HP: 24/33 MP: 4/8
  4319 | D:3      | Noticed Grinder
  4319 | D:3      | Paralysed by Grinder for 5 turns
  4331 | D:3      | Paralysed by Grinder for 2 turns
  4705 | D:4      | Found a sacrificial altar of Ru.
  4718 | D:4      | Became a worshipper of Ru the Awakened
  4741 | D:4      | Found Plog's Armour Boutique.
  4790 | D:4      | Noticed a necrophage
  4806 | D:4      | Killed a necrophage
  4807 | D:4      | Reached skill level 6 in Conjurations
  4807 | D:4      | Reached XP level 5. HP: 38/38 MP: 3/10
  4812 | D:4      | Learned a level 4 spell: Iskenderun's Mystic Blast
  4839 | D:4      | Noticed a wyvern
  4902 | D:4      | HP: 1/38 [something/puff of flame (14)]
  4922 | D:4      | Reached skill level 1 in Translocations
  4922 | D:4      | Reached XP level 6. HP: 17/45 MP: 8/11
  5192 | D:3      | Paralysed by Grinder for 6 turns
  5208 | D:3      | Paralysed by Grinder for 5 turns
  5215 | D:3      | Killed Grinder
  5434 | D:3      | Noticed Sigmund
  5465 | D:3      | Killed Sigmund
  5466 | D:3      | Reached skill level 7 in Conjurations
  5466 | D:3      | Your scales start taking on an icy white colour.
  5466 | D:3      | Reached XP level 7. HP: 7/50 MP: 0/13
  5466 | D:3      | Gained mutation: Your flesh is cold resistant. (rC+) [White
                  | Draconian growth]
  6413 | D:4      | HP: 2/50 [wyvern (15)]
  6415 | D:4      | Mangled by a wyvern

Illustrated notes

Levels and vault maps discovered:
D:1:      dpeg_chamrin_arrival_tetris, layout_basic
D:2:      layout_basic, kennysheep_generic_room_12
D:3:      layout_basic, minmay_pentangle, uniq_grinder, uniq_sigmund,
          uniq_crazy_yiuf_cottage
D:4:      cheibrodos_pilgrimage, layout_basic, mainiacjoe_overflow_catwalk,
          kennysheep_slug_shrine, nicolae_ru_awakened_eye, serial_shops,
          nicolae_shop_temple_entry_statues_fountains

Skill      XL: |  1  2  3  4  5  6 |
---------------+-------------------+-----
Conjurations   | 5 6 7 |  7.4
Spellcasting   | 3 4 |  4.3
Translocations | 1 2 |  2.7
Dodging        | |  1.7
Stealth        | |  1.7

Action                   |  1- 3 |  4- 6 |  7- 9 || total
-------------------------+-------+-------+-------++-------
Melee: Staff             |    24 |     3 |     1 ||    28
       Tailslap          |     4 |       |       ||     4
 Cast: Magic Dart        |    79 |    24 |    14 ||   117
       Searing Ray       |     1 |    14 |     3 ||    18
 Abil: Breathe Frost     |       |       |     1 ||     1
  Use: Scroll            |     5 |       |       ||     5
       Potion            |       |     5 |     1 ||     6
 Stab: Sleeping          |     1 |       |       ||     1
Armor: Skin              |     7 |    22 |     6 ||    35
Dodge: Dodged            |    25 |    17 |     7 ||    49
